 Dungeon Crawl Stone Soup version 0.29.0-4-gdea44cf6ec (webtiles) character file.

Game seed: 3379913693446417452

337 qw the Chopper (level 6, -2/43 HPs)
             Began as a Barachi Chaos Knight on Sept 4, 2022.
             Slain by an iguana (9 damage)
             ... on level 5 of the Dungeon.
             The game lasted 00:01:31 (3177 turns).

qw the Chopper (Barachi Chaos Knight)               Turns: 3177, Time: 00:01:31

Health: -2/43      AC: 10    Str: 15      XL:     6   Next: 54%
Magic:  6/6        EV:  6    Int: 12 (13) God:
Gold:   240        SH:  0    Dex:  9      Spells: 5/5 levels left

rFire   . . .      SeeInvis .   Y - +0 hand axe (drain)
rCold   . . .      Faith    .   (no shield)
rNeg    . . .      Spirit   .   i - +0 chain mail
rPois   .          Reflect  .   (no helmet)
rElec   .          Harm     .   (no cloak)
rCorr   .          Rampage  .   (no gloves)
Will    .....                   m - +1 pair of boots
Stlth   ..........              (no amulet)
HPRegen 0.14/turn               e - +4 ring of protection
MPRegen 0.10/turn               (no ring)

@: about to teleport, unable to drink, slow
A: amphibious, slowness 1, strong legs 1, +LOS, clumsy 1, deformed body,
deterioration 1, frail 1, inability to drink after injury 1
a: Hop


You were on level 5 of the Dungeon.
You visited 1 branch of the dungeon, and saw 6 of its levels.

You collected 240 gold pieces.


Innate Abilities, Weirdness & Mutations

You are amphibious.
You cover ground slowly.
You can hop short distances.
You have an extended range of vision and can be seen from far away.
You are clumsy. (Dex -2)
Armour fits poorly on your strangely shaped body.
Your body sometimes deteriorates upon taking damage.
You are frail. (-10% HP)
You occasionally lose the ability to drink potions when taking damage.


   Skills:
 - Level 4.0 Fighting
 + Level 6.5 Axes
 - Level 3.3 Throwing
 - Level 2.4 Armour
 - Level 1.1 Dodging


You had 5 spell levels left.
You didn't know any spells.
Your spell library was empty.

Inventory:

Hand Weapons
 b - a +0 flail
 Y - a +0 hand axe of draining (weapon)
Missiles
 d - 2 silver boomerangs (quivered)
Armour
 i - a +0 chain mail (worn)
 m - a +1 pair of boots (worn)
Jewellery
 e - a +4 ring of protection (left hand)
 f - an amulet of regeneration
Scrolls
 a - 3 scrolls of teleportation
 l - a scroll of identify
Potions
 h - a potion of cancellation {unknown}
 j - a potion of mutation {unknown}
 n - a potion of resistance {unknown}
 o - 2 potions of curing
 q - a potion of lignification {unknown}
Miscellaneous
 c - a piece from Xom's chessboard (15/15)

Dungeon Overview and Level Annotations

Branches:
Dungeon (6/15)
 Temple: D:4-7

Altars:
Uskayaw


Message History

Press: ? - help, Q - select action Shift-Dir - straight line, f/p - iguana You throw a silver boomerang.
The silver boomerang hits the iguana but does no damage.
The iguana is moderately wounded.
You hit the iguana.
The iguana is moderately wounded.
The iguana bites you!
Your body deteriorates!
You feel dopey.
You closely miss the iguana.
The iguana is moderately wounded.
The iguana bites you but does no damage.
You hit the iguana.
The iguana is severely wounded.
The iguana bites you!
You barely miss the iguana.
The iguana is severely wounded.
The iguana bites you but does no damage.
You hit the iguana but do no damage.
The iguana is severely wounded.
The iguana completely misses you.
You closely miss the iguana.
The iguana is severely wounded.
The iguana hisses menacingly.
The iguana bites you.
You feel threatened and lose the ability to drink potions!
You hit the iguana.
The iguana is almost dead.
The iguana bites you.
You barely miss the iguana.
The iguana is almost dead.
An orc comes into view. It is wielding a +0 flail.
The iguana bites you!
3176 ||| Stepping ~*~*~tactically~*~*~ (stealth).
An orc priest comes into view. It is wielding a +0 mace.
3177 ||| READING 4 scrolls of teleportation.
As you read the scroll of teleportation, it crumbles to dust.
You feel strangely unstable.
The orc priest shouts!
You hear a shout! x3
The iguana bites you!
You die...

#.## ... ...# .. #
#..##.## .
##.#######...#..# ..
.##......##.......# .. ..
........l@..##....##.#....
......##....##..#... #....
....= #........#.# ##...#
##.. #.##..##...###...##
$.o ###.##..#:....##.....
.. #.........#.......... .
...........##.........
#.....>....###...)....
##o......### #.....>#.


You could see an iguana and an orc priest.

Vanquished Creatures
  Sigmund (D:4)
  A jelly (D:3)
  2 iguanas
  4 adders
  2 worms (D:2)
  A dart slug (D:3)
  5 orcs
  3 bats
  8 endoplasms
  9 hobgoblins
  4 jackals
  2 quokkas (D:2)
  3 ball pythons
  2 frilled lizards
  7 goblins
  5 kobolds
  3 rats
62 creatures vanquished.

Vanquished Creatures (collateral kills)
  A frilled lizard (D:1)
1 creature vanquished.

Vanquished Creatures (others)
  An adder (D:3)
1 creature vanquished.

Grand Total: 64 creatures vanquished

Notes
Turn   | Place    | Note
-------+----------+-------------------------------------------
     0 | D:1      | qw the Barachi Chaos Knight began the quest for the Orb.
     0 | D:1      | Reached XP level 1. HP: 18/18 MP: 1/1
     0 | D:1      | 0 ||| qw: Version: 0.1-a-103-gd6f5d3a
     0 | D:1      | 0 ||| qw: Game counter: 5540
     0 | D:1      | 0 ||| qw: Always use a shield: true
     0 | D:1      | 0 ||| qw: God list: Okawaru
     0 | D:1      | 0 ||| qw: Allow faded altars: false
     0 | D:1      | 0 ||| qw: Do Orc after D:15 true
     0 | D:1      | 0 ||| qw: Do second Lair branch before Depths: true
     0 | D:1      | 0 ||| qw: Lair rune preference: random
     0 | D:1      | 0 ||| qw: Plans: Normal
     0 | D:1      | 0 ||| PLANNING D:1-11
     0 | D:1      | Fell from the grace of Xom
    57 | D:1      | 57 ||| Stepping ~*~*~tactically~*~*~ (stealth).
    60 | D:1      | 60 ||| Stepping ~*~*~tactically~*~*~ (stealth).
    87 | D:1      | XOM: summons friendly white imp
   186 | D:1      | Reached XP level 2. HP: 24/24 MP: 2/2
   235 | D:1      | Reached skill level 4 in Axes
   650 | D:1      | 650 ||| Stepping ~*~*~tactically~*~*~ (stealth).
   666 | D:1      | XOM: give mutations
   666 | D:1      | Gained mutation: You are frail. (-10% HP) [Xom's mischief]
   666 | D:1      | Gained mutation: Your body sometimes deteriorates upon
                  | taking damage. [Xom's mischief]
   666 | D:1      | Gained mutation: You occasionally lose the ability to drink
                  | potions when taking damage. [Xom's mischief]
   888 | D:1      | 888 ||| UPGRADING to +0 scale mail.
   898 | D:1      | 898 ||| DROPPING +2 leather armour.
   899 | D:1      | 899 ||| UPGRADING to +4 ring of protection.
   900 | D:1      | 900 ||| DROPPING ring of wizardry.
   901 | D:1      | 901 ||| READING 3 scrolls labelled FUNEDUPPIX.
   905 | D:1      | 905 ||| READING 2 scrolls labelled MOGU OVIYZ.
   906 | D:1      | 906 ||| READING 2 scrolls labelled VUSOTTUNIWK.
   907 | D:1      | 907 ||| DRINKING 2 sedimented sapphire potions.
   908 | D:1      | 908 ||| DROPPING scroll of butterflies.
   943 | D:2      | 943 ||| STAIRDANCE
   954 | D:2      | 954 ||| STAIRDANCE
  1004 | D:2      | Reached XP level 3. HP: 26/26 MP: 3/3
  1088 | D:2      | 1088 ||| Stepping ~*~*~tactically~*~*~ (stealth).
  1394 | D:2      | Found a faded altar of an unknown god.
  1442 | D:2      | Reached skill level 5 in Axes
  1779 | D:2      | Reached XP level 4. HP: 32/32 MP: 4/4
  1854 | D:2      | 1854 ||| UPGRADING to +0 pair of boots.
  1859 | D:2      | 1859 ||| READING scroll labelled OFI JALEDD.
  1860 | D:2      | 1860 ||| READING 2 scrolls labelled CIRIMU ZACEU.
  1861 | D:2      | 1861 ||| READING scroll of enchant armour.
  1861 | D:2      | 1861 ||| ENCHANTING +0 pair of boots.
  1862 | D:2      | 1862 ||| READING scroll labelled ZOSAGA ONIONE.
  1863 | D:2      | 1863 ||| READING 4 scrolls of teleportation.
  1876 | D:3      | 1876 ||| STAIRDANCE
  1933 | D:3      | 1933 ||| Stepping ~*~*~tactically~*~*~ (stealth).
  1936 | D:3      | 1936 ||| Stepping ~*~*~tactically~*~*~ (stealth).
  1953 | D:3      | 1953 ||| Stepping ~*~*~tactically~*~*~ (stealth).
  1972 | D:3      | 1972 ||| Stepping ~*~*~tactically~*~*~ (stealth).
  1974 | D:3      | 1974 ||| DROPPING +0 club.
  1979 | D:3      | 1979 ||| Stepping ~*~*~tactically~*~*~ (stealth).
  1985 | D:3      | 1985 ||| Stepping ~*~*~tactically~*~*~ (stealth).
  1986 | D:3      | 1986 ||| Stepping ~*~*~tactically~*~*~ (stealth).
  1987 | D:3      | 1987 ||| Stepping ~*~*~tactically~*~*~ (stealth).
  2150 | D:3      | 2150 ||| Stepping ~*~*~tactically~*~*~ (stealth).
  2161 | D:3      | Reached skill level 6 in Axes
  2161 | D:3      | Reached XP level 5. HP: 25/36 MP: 5/5
  2263 | D:3      | XOM: divine lightning
  2271 | D:3      | 2271 ||| Stepping ~*~*~tactically~*~*~ (stealth).
  2272 | D:3      | 2272 ||| Stepping ~*~*~tactically~*~*~ (stealth).
  2273 | D:3      | 2273 ||| Stepping ~*~*~tactically~*~*~ (stealth).
  2334 | D:3      | Found a hide-covered altar of Uskayaw.
  2578 | D:3      | 2578 ||| FLEEEEING.
  2579 | D:3      | 2579 ||| STAIRDANCE
  2614 | D:2      | 2614 ||| UPGRADING to +0 chain mail.
  2624 | D:2      | 2624 ||| DROPPING +0 scale mail.
  2625 | D:2      | 2625 ||| READING scroll labelled KUEQATEESI.
  2626 | D:2      | 2626 ||| DRINKING 2 smoky puce potions.
  2627 | D:2      | 2627 ||| READING 3 scrolls of identify.
  2627 | D:2      | 2627 ||| IDENTIFYING fuming black potion
  2628 | D:2      | 2628 ||| READING 2 scrolls of identify.
  2628 | D:2      | 2628 ||| IDENTIFYING glowing orange potion
  2629 | D:2      | 2629 ||| DROPPING potion of brilliance.
  2630 | D:2      | 2630 ||| DROPPING potion of berserk rage.
  2631 | D:2      | 2631 ||| DROPPING potion of degeneration.
  2634 | D:3      | 2634 ||| STAIRDANCE
  2645 | D:3      | 2645 ||| STAIRDANCE
  2648 | D:2      | XOM: give mutations
  2648 | D:2      | Gained mutation: You have sharp fingernails. [Xom's
                  | mischief]
  2648 | D:2      | Gained mutation: You are clumsy. (Dex -2) [Xom's mischief]
  2648 | D:2      | Gained mutation: Armour fits poorly on your strangely
                  | shaped body. [Xom's mischief]
  2648 | D:2      | Lost mutation: You have sharp fingernails. [Xom's mischief]
  2813 | D:3      | 2813 ||| DROPPING +0 ring mail of poison resistance.
  2831 | D:4      | XOM: noise
  2834 | D:4      | Noticed Sigmund
  2835 | D:4      | 2835 ||| Stepping ~*~*~tactically~*~*~ (hiding).
  2844 | D:4      | Killed Sigmund
  2845 | D:4      | Reached skill level 3 in Throwing
  2845 | D:4      | Reached XP level 6. HP: 11/43 MP: 6/6
  2847 | D:4      | 2847 ||| FLEEEEING.
  2848 | D:4      | 2848 ||| FLEEEEING.
  2849 | D:4      | 2849 ||| STAIRDANCE
  3070 | D:4      | 3070 ||| STAIRDANCE
  3136 | D:4      | You fall into a shaft and drop 2 floors!
  3142 | D:5      | Entered Level 5 of the Dungeon
  3175 | D:5      | HP: 7/43 [iguana (10)]
  3176 | D:5      | 3176 ||| Stepping ~*~*~tactically~*~*~ (stealth).
  3177 | D:5      | 3177 ||| READING 4 scrolls of teleportation.
  3177 | D:5      | Slain by an iguana

Levels and vault maps discovered:
D:1:      sevenhm_arrival_forest_fort_small_5, layout_basic,
          minmay_misc_feat_tower, dreamdust_wishing_well
D:2:      layout_rooms, basic_ecumenical_altar, nicolae_hexahallways
D:3:      layout_loops_ring, eat_drink_and_be_merry_uskayaw
D:4:      layout_layer_cave, temple_fountains, uniq_sigmund
D:5:      layout_cave_pools, gammafunk_temple_overflow_wave,
          ebering_ghost_sewer_d
D:6:      layout_loops_cross, nicolae_tso_besieged_by_evil,
          mainiacjoe_overflow_tiny_flanked, kennysheep_slug_shrine,
          serial_shops, nicolae_shop_stone, uniq_maggie

Skill      XL: |  1  2  3  4  5 |
---------------+----------------+-----
Axes           | 4 5 6 |  6.5
Fighting       | 4 |  4.0
Throwing       | 3 |  3.3
Armour         | |  2.4
Dodging        | |  1.1

Action                   |  1- 3 |  4- 6 || total
-------------------------+-------+-------++-------
Melee: Hand axe          |   110 |   109 ||   219
       Punch             |     1 |     1 ||     2
Throw: Boomerang         |       |     5 ||     5
Invok: Renounce Religion |     1 |       ||     1
  Use: Scroll            |     3 |     9 ||    12
       Potion            |     1 |     1 ||     2
 Stab: Paralysed         |     2 |     1 ||     3
Armor: Scale mail        |    28 |    41 ||    69
       Leather armour    |     7 |       ||     7
       Chain mail        |       |    14 ||    14
Dodge: Dodged            |    48 |    46 ||    94

Table legend:
 A = Non-vault XP
 B = Vault XP
 C = Vault XP percentage of total XP
 D = Non-vault monster count
 E = Vault monster count
 F = Vault count percentage of total count
                 A         B        C        D         E       F
            +---------+---------+-------+---------+---------+-------
      Total |     272 |     210 |  43.6 |      62 |       1 |   1.6
            +---------+---------+-------+---------+---------+-------
        D:1 |      29 |       0 |   0.0 |      18 |       0 |   0.0
        D:2 |      59 |       0 |   0.0 |      22 |       0 |   0.0
        D:3 |     143 |       0 |   0.0 |      18 |       0 |   0.0
        D:4 |      41 |     210 |  83.7 |       4 |       1 |  20.0
            +---------+---------+-------+---------+---------+-------
